 Dungeon Crawl Stone Soup version 0.17.0-28-g6e173f8 (webtiles) character file.

82 gorblad the Skirmisher (level 4, 0/67 HPs)
             Began as a Hill Orc Fighter on Nov 30, 2015.
             Was an Initiate of the Shining One.
             Slain by a kobold
             ... wielding a +0 short sword
              (1 damage)
             ... while paralysed by Grinder
             ... on level 3 of the Dungeon.
             The game lasted 00:05:47 (1241 turns).

gorblad the Skirmisher (Hill Orc Fighter)           Turns: 1241, Time: 00:05:47

Health: 0/67       AC: 27    Str: 19    XL:     4   Next: 43%
Magic:  4/4        EV:  2    Int:  8    God:    the Shining One [......]
Gold:   76         SH:  0    Dex: 10    Spells: 0 memorised, 3 levels left

rFire  . . .     SeeInvis .     t - +2 mace (protect)
rCold  . . .     Clarity  .     (armour currently unavailable)
rNeg   + + +     SustAt   .     c - +0 shield
rPois  +         Gourm    .     (helmet currently unavailable)
rElec  .         Spirit   .     (cloak currently unavailable)
rCorr  .         Warding  .     (gloves currently unavailable)
rMut   .         NoTele   +     (boots currently unavailable)
MR     .....                    (no amulet)
Stlth  +.........               (no ring)
                                (no ring)

@: paralysed, tree-form, not resistant to hostile enchantments, very unstealthy
A: (fire resistance 0), robust 1
a: Renounce Religion


You were on level 3 of the Dungeon.
You worshipped the Shining One.
The Shining One was noncommittal.
You were hungry.
You were a tree.
You visited 1 branch of the dungeon, and saw 3 of its levels.

You collected 76 gold pieces.

Inventory:

Hand Weapons
 a - a +0 war axe
 t - a +2 mace of protection (weapon)
Armour
 b - a +0 scale mail (melded)
 c - a +0 shield (worn)
 i - a +0 pair of gloves (melded)
 u - a +0 helmet
Scrolls
 f - a scroll of random uselessness
 o - 2 scrolls of fog {unknown}
 p - a scroll of blinking {unknown}
 s - a scroll of identify {unknown}
Potions
 d - 3 potions of might
Comestibles
 e - 2 bread rations
 g - a meat ration
 h - 2 beef jerkies
 r - 18 chunks of flesh


   Skills:
 + Level 4.4 Fighting
 - Level 3.6 Axes
 * Level 0.0(1.6) Maces & Flails
 + Level 4.0 Armour
 + Level 4.0 Shields


You had 3 spell levels left.
You didn't know any spells.

Dungeon Overview and Level Annotations

Branches:
Dungeon (3/15)

Altars:
The Shining One

Annotations:
D:3 Grinder


Innate Abilities, Weirdness & Mutations

((Your flesh is heat resistant.))
You are robust (+10% HP).


Message History

Grinder hits you but does no damage. You block the kobold's attack.
You block Grinder's attack.
You closely miss Grinder.
Grinder is heavily wounded.
The kobold hits you with a short sword.
* * * LOW HITPOINT WARNING * * *
You block Grinder's attack. You block the kobold's attack.
You hit Grinder.
Grinder is heavily wounded.
Grinder hits you but does no damage. You block the kobold's attack.
You hit Grinder.
Grinder is severely wounded.
You block Grinder's attack. The kobold hits you but does no damage.
Grinder gestures at you.
You suddenly lose the ability to move!
The kobold completely misses you. Grinder hits you but does no damage.
The kobold hits you but does no damage. Grinder hits you.
* * * LOW HITPOINT WARNING * * *
The kobold hits you with a short sword.
You die...

#.>##.##)..##
#.##.####..##.
#.##.#........
##..............#
####..##.............
##..#.###..........###
#..÷..# #..........#
#...(.# #...5......#
#....## #..♣K......
##..## #(.........
##.## #..........
#..## #(......?.#
##(.###.((......#
##...#.........#
###........$.##
####......## #.######


You could see Grinder (inner flame) and a kobold (inner flame).

Vanquished Creatures
  Robin (D:3)
  2 adders
  A giant gecko (D:2)
  2 ball pythons (D:1)
  4 bats
  2 giant cockroaches
  15 goblins
  6 hobgoblins
  6 jackals
  4 giant newts
  3 kobolds (D:1)
  5 rats
51 creatures vanquished.

Notes
Turn   | Place    | Note
--------------------------------------------------------------
     0 | D:1      | gorblad the Hill Orc Fighter began the quest for the Orb.
     0 | D:1      | Reached XP level 1. HP: 19/19 MP: 1/1
    66 | D:1      | Reached XP level 2. HP: 13/27 MP: 2/2
    67 | D:1      | Reached skill level 4 in Fighting
    86 | D:1      | HP: 1/27 [bat (1)]
   495 | D:1      | Reached XP level 3. HP: 33/33 MP: 3/3
   906 | D:2      | Found a glowing golden altar of the Shining One.
   928 | D:2      | Became a worshipper of the Shining One
  1108 | D:3      | Reached XP level 4. HP: 36/40 MP: 4/4
  1122 | D:3      | Noticed Robin
  1140 | D:3      | Killed Robin
  1201 | D:3      | Noticed Grinder
  1221 | D:3      | Gained mutation: You are robust (+10% HP). [potion of mutation]
  1221 | D:3      | Gained mutation: Your flesh is heat resistant. [potion of mutation]
  1238 | D:3      | Paralysed by Grinder for 4 turns
  1240 | D:3      | HP: 1/67 [Grinder (6)]
  1241 | D:3      | Slain by a kobold

Action                   |  1- 3 |  4- 6 || total
-------------------------+-------+-------++-------
Melee: War axe           |   129 |    29 ||   158
       Mace              |       |    27 ||    27
  Use: Potion            |       |     4 ||     4
       Scroll            |       |     3 ||     3
  Eat: Chunk             |     1 |       ||     1
